Cogmind - Beta 16 @@@ ROGUE MODE // 2025.12.26 @ 21:33:26 Player: BlobtheGreat Result: Escaped! Performance ------------- Evolutions (9) 4500 Regions Visited (26) 5200 Robots Destroyed (287) 1435 Value Destroyed (11578) 11578 Prototype IDs (86) 1720 Alien Tech Used (1) 200 Bonus (13550) 13550 TOTAL SCORE: 38183 Bonus ------- High Alert Combat Kills 275 Follower Combat Kills 4152 Network Hubs Disabled 200 Registered with UFD 300 Met Optimus in HQ 500 Met Data Miner 300 Met Warlord at Base 500 MAIN.C Attacked Warlord 500 Warlord Defense Kills 474 Built Enhanced Grunts 300 A7 Reached Mainframe 300 Met R17 at Cetus 500 Hacked Protovariant 500 Met R17 at Research 2000 Win 3000 Friendly Fire -251 Cogmind --------- Core Integrity 1323/1600 Matter 161/300 Energy 570/580 System Corruption 34% Temperature Cool (7) Movement Walking (123) Location To Epsilon Eridani Parts ------- > --- POWER (2) -------- Particle Reactor Particle Reactor > --- PROPULSION (6) --- Medium Armored Exoskeleton Centrium Leg Heavy Shield Leg > --- UTILITY (12) ----- High-capacity Storage Unit Centrium Medium Armor Plating Advanced Force Field > --- WEAPON (5) ------- Hypervelocity Multirail Ionic Axe Vampiric Broadsword > --- INVENTORY (20) --- Light Antimatter Reactor Particle Reactor Advanced Myomer Leg Advanced Myomer Leg Advanced Myomer Leg Enhanced Biometal Leg Centrium Leg Centrium Leg Centrium Leg High-density Centrium Leg Advanced Energy Well (500) Experimental Cloaking Device Graphene Brace Neutron Cannon Chain Missile Launcher Advanced Remote Datajack Plasma Lance Peak State ------------ > --- POWER ------------ Vortex Chain Reactor > --- PROPULSION ------- Medium Armored Exoskeleton Centrium Leg Centrium Leg Centrium Leg > --- UTILITY ---------- High-capacity Storage Unit Deep Structural Scanner Advanced Sensor Array Experimental Signal Interpreter Experimental Melee Analysis Suite Weapon Mount Experimental Core Analyzer Advanced Actuator Array Experimental Reaction Control System Experimental Cloaking Device Centrium Medium Armor Plating Advanced Force Field > --- WEAPON ----------- Ionic Axe Vampiric Broadsword Sigix Broadsword > --- INVENTORY -------- Light Antimatter Reactor Particle Reactor Particle Reactor Advanced Myomer Leg Advanced Myomer Leg Advanced Myomer Leg Improved Thunder Leg Enhanced Biometal Leg Centrium Leg High-density Centrium Leg Advanced Energy Well Graphene Brace Advanced Hacking Suite Neutron Cannon Hypervelocity Multirail Chain Missile Launcher Advanced Remote Datajack [Rating: 214] Favorites ----------- Power Quantum Reactor Engine Improved Ion Engine Power Core Neutrino Core Reactor Quantum Reactor Propulsion Light Treads Treads Light Treads Leg Advanced Myomer Leg Flight Unit Improved Flight Unit Utility Tech Extrapolator Device Advanced Sensor Array Storage Large Storage Unit Processor Tech Extrapolator Hackware Advanced Hacking Suite Protection Centrium Medium Armor Plating Weapon Vampiric Broadsword Energy Gun Gatling Laser Energy Cannon Neutron Cannon Ballistic Gun Improved Assault Rifle Ballistic Cannon Light Cannon Launcher Long-range Missile Launcher Special Weapon Remote Datajack Impact Weapon Flail Slashing Weapon Vampiric Broadsword Piercing Weapon Heavy Pick Special Melee Weapon Advanced Datajack Build | -11 -10 -10 -9 -9 -9 -9 -6 -6 -6 -6 -5 -5 -5 -5 -5 -5 -4 -4 -4 -4 -3 -3 -3 -2 -2 -1 ------- Run | Yrd Mat Min Mat Sto Rec Scr Fac Low Low Dat Pro Fac Ext Cet Arc Hub Fac Upp Upp War Pro Res Tes Res Qua Acc Slots Evolved 18 | . . . 2 . . . 6 . . . . 2 . . . . 2 . . . . 2 . 2 . 2 Power 1 | . . . . . . . 1 . . . . . . . . . . . . . . . . . . . Propulsion 4 | . . . 1 . . . 1 . . . . 1 . . . . . . . . . . . 1 . . Utility 10 | . . . 1 . . . 4 . . . . 1 . . . . . . . . . 2 . . . 2 Weapon 3 | . . . . . . . . . . . . . . . . . 2 . . . . . . 1 . . Parts Attached 241 | 7 7 2 18 28 2 10 14 2 6 . . 15 7 7 9 3 16 1 2 26 2 20 17 4 6 10 Power 29 | 1 . . 2 3 . 1 3 . 1 . . 1 2 1 2 . . . . 2 . 6 2 . . 2 Engine 6 | 1 . . 1 3 . 1 . . . . . . . . . . . . . . . . . . . . Core 8 | . . . 1 . . . 3 . 1 . . 1 2 . . . . . . . . . . . . . Reactor 15 | . . . . . . . . . . . . . . 1 2 . . . . 2 . 6 2 . . 2 Propulsion 68 | 2 2 . 7 9 . 4 3 . 1 . . 5 1 1 1 . 6 . . 6 . 5 5 4 2 4 Treads 19 | 2 2 . 7 8 . . . . . . . . . . . . . . . . . . . . . . Leg 48 | . . . . . . 4 3 . 1 . . 5 1 1 1 . 6 . . 6 . 5 5 4 2 4 Wheel . | . . . . . . . . . . . . . . . . . . . . . . . . . . . Hover . | . . . . . . . . . . . . . . . . . . . . . . . . . . . Flight 1 | . . . . 1 . . . . . . . . . . . . . . . . . . . . . . Utility 94 | 2 1 1 5 6 2 2 6 1 3 . . 8 4 2 4 2 9 1 2 14 . 9 5 . 2 3 Device 43 | 1 . . 1 1 . 1 4 1 1 . . 5 1 . 4 1 4 . 1 7 . 6 1 . 2 1 Storage 7 | 1 1 . 1 1 . . . . . . . . . . . 1 1 . . . . . 1 . . . Processor 15 | . . . . . . 1 1 . 1 . . . 1 1 . . 2 . 1 3 . 1 2 . . 1 Hackware 7 | . . . . . . . . . . . . 2 . . . . 2 . . . . 2 . . . 1 Protection 22 | . . 1 3 4 2 . 1 . 1 . . 1 2 1 . . . 1 . 4 . . 1 . . . Artifact . | . . . . . . . . . . . . . . . . . . . . . . . . . . . Weapon 50 | 2 4 1 4 10 . 3 2 1 1 . . 1 . 3 2 1 1 . . 4 2 . 5 . 2 1 Energy Gun 4 | . . . 1 . . 1 . . . . . . . 1 . . . . . 1 . . . . . . Energy Cannon 6 | . . . . 3 . . . . . . . . . . 1 1 . . . 1 . . . . . . Ballistic Gun 13 | 2 2 . 3 4 . . . . . . . . . 1 . . . . . . . . 1 . . . Ballistic Cannon 2 | . 1 . . . . . . . . . . . . . . . . . . . . . 1 . . . Launcher 10 | . 1 . . 2 . . . . 1 . . . . 1 . . . . . 1 2 . 2 . . . Special Weapon 5 | . . . . 1 . 1 . 1 . . . . . . . . . . . 1 . . 1 . . . Impact Weapon 1 | . . 1 . . . . . . . . . . . . . . . . . . . . . . . . Slashing Weapon 6 | . . . . . . 1 1 . . . . 1 . . . . 1 . . . . . . . 2 . Piercing Weapon 2 | . . . . . . . 1 . . . . . . . . . . . . . . . . . . 1 Special Melee Weapon 1 | . . . . . . . . . . . . . . . 1 . . . . . . . . . . . Unidentified Prototypes 48 | . . . 1 4 . . . . . . . 1 . 3 2 2 1 . . 13 3 5 9 . 2 2 Corrupted Parts 6 | . . . . . . . . . . . . 2 . 1 2 . . . . . . 1 . . . . System Corruption 22 | . . . . . . . . . . . . 5 . 3 12 . . . . . . 2 . . . . Parts Lost 46 | . . . 2 8 1 . 1 . 1 . . 2 3 2 1 . 2 . . 1 . 1 6 . 3 12 Power 9 | . . . 1 1 . . 1 . . . . 1 1 . . . 1 . . 1 . . 2 . . . Propulsion 7 | . . . . 3 . . . . . . . . . 1 1 . . . . . . . 2 . . . Utility 28 | . . . 1 3 1 . . . 1 . . 1 2 1 . . 1 . . . . 1 2 . 3 11 Weapon 2 | . . . . 1 . . . . . . . . . . . . . . . . . . . . . 1 Highest Loss Streak 8 | . . . 1 4 1 . 1 . 1 . . 2 2 1 1 . 1 . . 1 . 1 2 . 1 8 To Critical Strikes . | . . . . . . . . . . . . . . . . . . . . . . . . . . . Average Backups 17 | 5 13 15 14 17 24 21 14 13 13 14 14 12 12 13 15 14 15 20 20 19 17 15 15 18 18 18 Power . | . 1 1 . . . . . . . . . . . 1 3 1 1 2 2 1 1 1 1 2 3 2 Propulsion 2 | 3 5 3 3 3 3 2 . 1 1 1 1 . 1 . . . 2 4 4 2 2 2 3 5 6 7 Utility 7 | . 1 3 4 4 9 9 9 9 8 9 9 7 7 6 7 7 8 9 10 11 11 7 5 5 4 3 Weapon 4 | . 6 7 6 7 10 7 2 2 1 2 2 2 2 2 3 3 1 2 2 2 2 1 2 2 2 3 Tool/Special . | . . . . . . . . . . . . . . . . . . . . . . . . . . . Unused Backups 33 | . 4 . 1 2 . 10 1 1 . . . . . 1 . 2 2 . . 5 . . 1 . . 3 Power 3 | . . . . 1 . . . . . . . . . . . . . . . 2 . . . . . . Propulsion 13 | . 4 . . 1 . 2 . . . . . . . . . 1 1 . . 3 . . . . . 1 Utility 12 | . . . . . . 5 1 1 . . . . . 1 . 1 1 . . . . . 1 . . 1 Weapon 4 | . . . 1 . . 3 . . . . . . . . . . . . . . . . . . . . Tool/Special 1 | . . . . . . . . . . . . . . . . . . . . . . . . . . 1 Average Slot Usage (%) 91 | . 100 100 98 99 98 96 93 94 95 93 92 85 88 82 79 82 84 84 84 83 84 88 86 73 77 78 Engine 4 | . 14 14 5 10 11 10 5 . . . . . . . . . . . . . . . . . . . Core 2 | . . . 5 . . . 4 13 13 13 13 10 11 9 1 . . . . . . . . . . . Reactor 3 | . . . . . . . . . . . . . . . 8 11 9 10 10 9 10 8 5 4 4 7 Treads 12 | . 28 28 32 32 33 23 . . . . . . . . . . . . . . . . . . . . Leg 13 | . . . . . . 9 24 26 26 26 26 22 22 17 14 17 20 21 21 21 21 22 22 17 17 14 Device 10 | . 14 8 3 8 1 1 19 20 13 13 12 15 11 11 12 11 12 10 14 15 12 16 19 17 17 22 Storage 7 | . 14 14 11 11 11 10 6 6 6 6 6 5 5 5 5 5 5 5 5 5 5 4 4 4 4 4 Processor 10 | . . . . . . . 12 13 17 20 20 17 22 22 23 23 15 15 15 15 21 19 19 17 16 14 Protection 8 | . . 5 16 13 18 17 6 6 8 6 6 4 4 4 3 5 5 5 . 2 2 3 4 4 4 2 Energy Gun 1 | . . . 6 2 . 4 . . . . . . . . . . . . . . . . . . . . Ballistic Gun 7 | . 24 27 15 11 21 14 . . . . . . . . . . . . . . . . . . . . Slashing Weapon 4 | . . . . . . 1 6 4 4 6 5 5 4 4 4 4 8 10 10 9 9 8 8 8 9 11 Peak Build Rating 214 | 7 10 11 19 21 23 44 76 77 77 72 72 89 94 106 106 108 138 138 133 156 155 176 185 183 204 214 Average Rating 81 | 6 9 10 15 18 21 25 67 75 72 72 71 81 88 99 98 105 130 137 132 136 150 168 172 176 192 200 On Entrance 90 | . 7 10 11 19 18 23 44 75 77 72 72 72 86 94 106 106 105 138 133 133 153 149 172 176 183 201 Avg Prop Armor Cover (%) 39 | . . . . . . 39 . . . . . . . . . . . . . . . . . . . . Naked Turns . | . . . . . . . . . . . . . . . . . . . . . . . . . . . Heaviest Build 150 | 13 30 30 39 100 99 101 60 57 63 53 55 60 66 72 79 78 111 111 107 121 110 125 124 113 134 150 Greatest Support 150 | 40 40 40 63 63 60 60 81 81 81 76 76 100 100 100 96 94 126 126 126 126 116 145 150 140 140 140 Greatest Overweight (x) 25 | . . . . 1 1 1 . . . . . . . 1 25 . . . . 1 . 1 1 . . 1 Average Overweight (x) . | . . . . . 1 . . . . . . . . . . . . . . . . . . . . . Largest Inventory Capacity 25 | 8 15 15 15 25 25 25 15 15 15 15 15 15 15 15 15 15 20 20 20 20 20 20 25 20 20 20 Average Capacity 18 | 7 14 15 15 21 25 21 15 15 15 15 15 15 15 15 15 15 17 20 20 20 20 20 20 20 20 20 Most Carried 25 | 7 15 15 15 24 25 25 15 15 15 15 15 15 15 15 15 15 20 20 20 20 20 20 21 20 20 20 Average Carried 18 | 5 13 14 14 17 24 21 14 14 14 15 14 13 14 14 15 14 15 19 19 19 19 19 19 19 19 19 Final Capacity 25 | 8 15 15 15 25 25 15 15 15 15 15 15 15 15 15 15 15 20 20 20 20 20 20 20 20 20 20 Final Carried 25 | 7 15 15 15 20 25 15 15 15 15 15 15 14 15 15 15 15 20 20 20 20 20 20 20 19 20 18 Class Distribution -------------------- 35% | Scavenger-Gladiator 27% | Commander-Mutant 12% | Mutant 10% | Gladiator 5% | Scavenger-Mutant 4% | Commander-Gladiator Dominant Class ---------------- Mutant | -10/Materials Mutant | -10/Mines Mutant | -9/Materials Commander-Mutant | -9/Storage Commander-Mutant | -9/Recycling Commander-Mutant | -9/Scraptown Scavenger-Gladiator | -6/Factory Scavenger-Gladiator | -6/Lower Caves Gladiator | -6/Lower Caves Gladiator | -6/Data Miner Gladiator | -5/Proximity Caves Gladiator | -5/Factory Scavenger-Gladiator | -5/Extension Commander-Gladiator | -5/Cetus Commander-Gladiator | -5/Archives Scavenger-Gladiator | -5/Hub_04(d) Scavenger-Gladiator | -4/Factory Scavenger-Gladiator | -4/Upper Caves Vampire-Gladiator | -4/Upper Caves Scavenger-Gladiator | -4/Warlord Scavenger-Gladiator | -3/Proximity Caves Scavenger-Gladiator | -3/Research Scavenger-Gladiator | -3/Testing Scavenger-Gladiator | -2/Research Scavenger-Gladiator | -2/Quarantine Gladiator | -1/Access Resources | -11 -10 -10 -9 -9 -9 -9 -6 -6 -6 -6 -5 -5 -5 -5 -5 -5 -4 -4 -4 -4 -3 -3 -3 -2 -2 -1 ----------- Run | Yrd Mat Min Mat Sto Rec Scr Fac Low Low Dat Pro Fac Ext Cet Arc Hub Fac Upp Upp War Pro Res Tes Res Qua Acc Matter Collected 8182 | 426 317 268 955 796 207 1110 162 54 339 . 119 176 229 184 160 90 321 47 60 464 307 510 363 60 130 328 Remotely . | . . . . . . . . . . . . . . . . . . . . . . . . . . . Salvage Created 13668 | 291 413 308 1070 1505 620 139 341 . 374 . 127 405 633 120 429 361 1441 310 35 206 242 575 1087 297 737 1602 Parts 756 | 22 30 8 64 82 33 4 31 . 12 . 9 23 29 5 40 10 89 14 . 8 16 40 52 6 49 80 Haulers Intercepted 12 | . 1 . 3 3 . . . . . . . . . . . 1 . . . . . . 1 1 1 1 Recyclers Shooed 6 | 1 . . . 3 1 . . . . . . . . . . . . . . . . . 1 . . . Parts Field Recycled . | . . . . . . . . . . . . . . . . . . . . . . . . . . . Retrieved Matter . | . . . . . . . . . . . . . . . . . . . . . . . . . . . Parts Self-Destructed 60 | . . . . . . . . . 7 . 5 . . . . . . 14 . . 34 . . . . . Prevented . | . . . . . . . . . . . . . . . . . . . . . . . . . . . Parts Restored . | . . . . . . . . . . . . . . . . . . . . . . . . . . . Kills | -11 -10 -10 -9 -9 -9 -9 -6 -6 -6 -6 -5 -5 -5 -5 -5 -5 -4 -4 -4 -4 -3 -3 -3 -2 -2 -1 ------- Run | Yrd Mat Min Mat Sto Rec Scr Fac Low Low Dat Pro Fac Ext Cet Arc Hub Fac Upp Upp War Pro Res Tes Res Qua Acc Combat Hostiles Destroyed 198 | . 15 2 21 33 7 . 5 . 9 . 6 6 7 1 . . 26 4 . 4 1 11 11 . 9 20 Melee 88 | . . . . . . . 5 . 2 . 1 6 7 . . . 21 4 . . 1 6 11 . 9 15 Guns 47 | . 9 2 18 10 7 . . . . . . . . . . . . . . . . . . . . 1 Cannons 12 | . 3 . . 9 . . . . . . . . . . . . . . . . . . . . . . AOE 50 | . 3 . 3 14 . . . . 7 . 5 . . . . . 5 . . 4 . 5 . . . 4 Classes Destroyed 20 | 3 4 . 2 3 1 1 1 . 1 . . . . . . . . . 1 1 . 2 . . . . Worker 15 | 2 . . 2 2 . . 1 . . . . 1 . . . 2 1 . . . . 1 . . 1 2 Builder 10 | . . . 1 3 . . 3 . . . . . . . . 2 . . . . . . 1 . . . Tunneler 10 | 9 . . . . 1 . . . . . . . . . . . . . . . . . . . . . Hauler 12 | . 1 . 3 3 . . . . . . . . . . . 1 . . . . . . 1 1 1 1 Recycler 12 | 1 . 3 1 1 1 . . . . . . . 1 . . . 1 . . . . . 1 1 . 1 Minesweeper 1 | . . . . . . . . . 1 . . . . . . . . . . . . . . . . . Mechanic 1 | . . . . . . . . . . . . . . . . . . . . 1 . . . . . . Operator 10 | . . . . . . . 1 . . . . . . . 9 . . . . . . . . . . . Watcher 11 | . 2 . 1 1 . . . . . . . 1 2 1 . . 1 . . . . . 1 1 . . Swarmer 38 | . 9 . 6 3 . . . . . . 5 . 1 . . . 8 . . . 1 5 . . . . Grunt 57 | . 6 2 7 16 2 . . . 7 . 1 2 2 . . . 2 4 . . . 1 . . . 5 Brawler 5 | . . . . 3 1 . . . . . . 1 . . . . . . . . . . . . . . Duelist 6 | . . . . 2 . 2 . . 1 . . . 1 . . . . . . . . . . . . . Protector 4 | . . . . 2 1 . . . . . . . . . . . . . . 1 . . . . . . Sentry 27 | . . . 8 7 2 . 1 . . . . . 2 . . . 4 . . . . 1 . . . 2 Hunter 17 | . . . . . . 1 1 . . . . 1 . . . . 2 . . . . . 6 . 3 3 Programmer 43 | . . . . . 1 . 3 . 1 . . 2 1 . . . 10 . . 2 . 2 5 . 6 10 Cetus Guard 1 | . . . . . . . . . . . . . . 1 . . . . . . . . . . . . Enhanced Grunt 1 | . . . . . . . . . . . . . . . 1 . . . . . . . . . . . Striker 1 | . . . . . . . . . . . . . . . . . . . . . . 1 . . . . Executioner 1 | . . . . . . . . . . . . . . . . . . . . . . 1 . . . . Samaritan 1 | . . . . . . . . . . . . . . . . . . . 1 . . . . . . . Thug 3 | . . . . . . . . . . . . . . . . 2 . . . 1 . . . . . . Savage 1 | . . . . . . . . . . . . . . . . 1 . . . . . . . . . . Best Kill Streak 7 | 4 3 2 4 7 5 . 2 . 4 . 5 2 1 2 2 2 6 3 . 4 1 5 5 1 5 7 Combat Bots Only 7 | . 3 2 3 7 4 . 1 . 4 . 5 2 1 1 . . 6 3 . 4 1 5 5 . 4 7 Max Kills in Single Turn 5 | 1 2 1 2 5 2 1 1 . 2 . 4 1 1 1 1 4 3 1 1 3 1 5 2 1 1 2 Gunslinging 1 | . 1 . . . . . . . . . . . . . . . . . . . . . . . . . Exploded 5 | . 1 . 2 3 . . . . 2 . 4 . . . . . 3 . . 3 . 5 . . . 2 Melee 2 | . . . . . . . 1 . 1 . 1 1 1 . . . 1 1 . . 1 1 2 . 1 1 Uniques/NPCs Destroyed . | . . . . . . . . . . . . . . . . . . . . . . . . . . . Combat | -11 -10 -10 -9 -9 -9 -9 -6 -6 -6 -6 -5 -5 -5 -5 -5 -5 -4 -4 -4 -4 -3 -3 -3 -2 -2 -1 -------- Run | Yrd Mat Min Mat Sto Rec Scr Fac Low Low Dat Pro Fac Ext Cet Arc Hub Fac Upp Upp War Pro Res Tes Res Qua Acc Hostile Shots Fired 1378 | . 54 4 61 121 30 2 42 . 35 . 18 46 63 30 8 3 152 22 . 78 17 61 184 . 58 289 Missed 475 | . 15 1 21 31 5 . 14 . 13 . 7 15 18 16 1 2 51 5 . 52 11 23 45 . 17 112 Deflected 6 | . . . . . . . . . . . . . . . . . 4 2 . . . . . . . . Hits 903 | . 39 3 40 90 25 2 28 . 22 . 11 31 45 14 7 1 101 17 . 26 6 38 139 . 41 177 Melee 13 | . . . . 2 . . . . . . . 1 2 . . . . . . . . 8 . . . . Projectile 890 | . 39 3 40 88 25 2 28 . 22 . 11 30 43 14 7 1 101 17 . 26 6 30 139 . 41 177 AOE 13 | . . . . . . . . . . . . . . . . . . . . 2 8 3 . . . . Critical Strikes 54 | . . . 5 6 1 . 2 . 1 . . 1 3 1 1 . 10 . . 2 . 4 8 . . 9 Actively Blocked 6 | . . . 1 . . . . . . . . . . 1 1 . 1 . . 2 . . . . . . Part Disruptions 6 | . . . . . . . 1 . . . . 1 . . . . . . . . . . 3 . . 1 Damage Taken 16275 | . 401 41 614 1572 282 22 532 . 414 . 203 661 872 378 247 114 1617 235 . 644 373 1312 2047 . 541 3153 Core 1293 | . 82 . 52 128 33 . 69 . 36 . . 75 46 . 46 . 183 17 . 57 73 120 172 . 10 94 Absorbed by Shields 2962 | . . . . . 25 . . . . . . . 202 82 . . 229 87 . 248 64 85 486 . 371 1083 Redirected to Shielding 12 | . . . 7 5 . . . . . . . . . . . . . . . . . . . . . . Regen/Repaired (Parts) 684 | . . . . . . . . . . . . . . . . . 88 . . 216 . . . . 127 253 Core Remaining (%) 72 | 100 . 67 . . . 46 . . . . 87 . . . . 68 . . . . 50 . 58 . 98 82 Volleys Fired 362 | 26 48 10 67 86 30 1 . 12 16 . 3 . 6 5 . 6 3 . . 4 1 3 1 3 2 29 Largest 2 | 2 2 2 2 2 2 1 . 1 1 . 1 . 1 1 . 1 1 . . 1 1 1 1 1 1 1 Hottest 240 | 40 50 46 81 136 46 . . 90 90 . 43 . 90 240 . 90 43 . . 43 5 160 5 90 90 160 Shots Fired 603 | 52 93 20 126 157 60 1 . 12 17 . 3 . 6 5 . 6 3 . . 4 1 3 1 3 2 28 Gun 436 | 52 72 20 123 82 60 . . . . . . . . 1 . 1 . . . . . . . . . 25 Cannon 110 | . 18 . . 60 . . . 12 6 . . . 3 . . 5 . . . . . 1 . 3 2 . Launcher 49 | . 3 . 3 15 . . . . 11 . 3 . . 4 . . 3 . . 3 . 1 . . . 3 Special 8 | . . . . . . 1 . . . . . . 3 . . . . . . 1 1 1 1 . . . Kinetic 389 | 52 90 20 82 60 60 . . . . . . . . . . . . . . . . . . . . 25 Thermal 157 | . . . 41 82 . . . 12 6 . . . 3 1 . 6 . . . . . 1 . 3 2 . Explosive 45 | . 3 . 3 15 . . . . 11 . 3 . . . . . 3 . . 3 . 1 . . . 3 Electromagnetic 4 | . . . . . . . . . . . . . . 4 . . . . . . . . . . . . Robot Hit Streak 17 | 9 13 5 14 14 17 6 . . 13 . 14 . 17 . . . 3 . . 7 8 1 2 . . 10 Robot Miss Streak 9 | 3 6 1 4 5 2 . . . . . . . 1 . . . . . . . . 1 . . . 9 Penetration Max . | . . . . . . . . . . . . . . . . . . . . . . . . . . . Secondary Targets 3 | . 1 . . 2 . . . . . . . . . . . . . . . . . . . . . . Max Gunslinging Chain 1 | . 1 . . 1 . . . . . . . . . . . . . . . . . . . . . . Shots Hit Robots 729 | 34 52 14 82 105 48 8 20 . 14 . 6 18 25 1 11 4 69 13 1 10 12 25 41 5 27 84 Core Hits 410 | 13 25 7 43 64 22 2 10 . 19 . 7 6 12 8 6 10 29 5 . 23 6 17 14 1 13 48 Critical Kills 4 | 1 . . . 1 1 . . . . . . . . . . . . . . . . . . . . 1 Critical Parts Destroyed 7 | . . . 2 . . . . . . . . . . . . . . . . . . . . . . 5 Critical Strikes 62 | 1 . . 4 2 1 1 . . . . 1 2 1 . 1 . 5 3 . 1 2 4 . . 4 29 Burn 3 | . . . 2 1 . . . . . . . . . . . . . . . . . . . . . . Destroy 24 | 1 . . 2 1 1 . . . . . . . . . . . . . . . . . . . . 19 Sever 35 | . . . . . . 1 . . . . 1 2 1 . 1 . 5 3 . 1 2 4 . . 4 10 Melee Attacks 634 | . . 4 . 11 . 10 48 3 10 . 13 34 35 2 11 9 105 19 5 7 17 70 77 15 47 82 Impact 15 | . . 4 . 11 . . . . . . . . . . . . . . . . . . . . . . Slashing 612 | . . . . . . 10 41 3 10 . 13 34 35 2 11 9 105 19 5 7 17 70 77 15 47 82 Piercing 7 | . . . . . . . 7 . . . . . . . . . . . . . . . . . . . Sneak Attacks 63 | . . . . . . 7 7 . 1 . . 1 1 . 11 4 7 1 1 . . 1 6 4 2 9 Combat Hostiles 9 | . . . . . . . 1 . . . . . . . . . 2 1 . . . . . . . 5 Follow-up Attacks 50 | . . . . . . . 2 . . . . . . . . . 8 . . . 1 5 10 1 7 16 Martial Strikes 23 | . . . . . . . . . . . . . . . . . 18 5 . . . . . . . . Damage Inflicted 38202 | 424 881 223 1617 3547 801 425 1156 . 1521 . 673 1145 1471 273 1720 976 5374 900 135 1187 1166 1811 3106 603 1778 5289 Guns 4804 | 424 619 220 1404 1053 788 . . . . . . . . . . . . . . . . . . . . 296 Cannons 1064 | . 162 . . 789 . . . . . . . . 89 . . 24 . . . . . . . . . . Explosions 6390 | . 90 . 196 1696 . . . . 1011 . 404 . . 204 . 457 469 . . 807 . 332 . . . 724 Melee 25883 | . . . . . . 425 1156 . 510 . 269 1145 1382 69 1720 490 4905 900 135 380 1166 1475 3106 603 1778 4269 Ramming 61 | . 10 3 17 9 13 . . . . . . . . . . 5 . . . . . 4 . . . . Kinetic 4174 | 424 781 220 892 773 788 . . . . . . . . . . . . . . . . . . . . 296 Thermal 1694 | . . . 512 1069 . . . . . . . . 89 . . 24 . . . . . . . . . . Explosive 5729 | . 90 . 196 1696 . . . . 1011 . 404 . . . . . 469 . . 807 . 332 . . . 724 Electromagnetic 661 | . . . . . . . . . . . . . . 204 . 457 . . . . . . . . . . Impact . | . . . . . . . . . . . . . . . . . . . . . . . . . . . Slashing 25738 | . . . . . . 425 1011 . 510 . 269 1145 1382 69 1720 490 4905 900 135 380 1166 1475 3106 603 1778 4269 Piercing 145 | . . . . . . . 145 . . . . . . . . . . . . . . . . . . . Highest Corruption 34 | . . . . . . . 2 2 4 4 4 4 4 7 7 . 7 7 7 7 7 5 9 . 6 34 Average Corruption 4 | . . . . . . . 1 2 2 4 4 3 4 5 4 . 3 7 7 5 6 2 7 . 1 9 Corruption Purged 29 | . . . . . . . . . . . . 5 . . 19 . . . . . . 5 . . . . Corruption Blocked . | . . . . . . . . . . . . . . . . . . . . . . . . . . . Effects 218 | . . . . . . . 3 5 15 2 8 8 20 13 3 . 24 14 13 22 28 3 17 . 8 12 Message Errors 59 | . . . . . . . . 1 4 1 . 4 6 3 1 . 9 5 6 5 6 1 6 . 1 . Matter Fused 59 | . . . . . . . 2 3 4 1 3 2 7 5 2 . 4 3 1 2 10 . 2 . 4 4 Heat Flow Errors 28 | . . . . . . . . 1 1 . 2 . 2 1 . . 4 . 1 8 3 . 4 . . 1 Energy Discharges 27 | . . . . . . . . . 1 . 2 1 1 2 . . 2 4 1 . 4 1 4 . 1 3 Parts Rejected 1 | . . . . . . . . . . . . . . . . . . . . . . . . . . 1 Parts Fused 1 | . . . . . . . . . . . . . . . . . 1 . . . . . . . . . Data Loss (minor) 25 | . . . . . . . 1 . 3 . . 1 3 . . . 3 1 2 3 4 1 1 . 2 . Data Loss (major) 13 | . . . . . . . . . 1 . 1 . . 2 . . . 1 2 3 1 . . . . 2 Misfires 1 | . . . . . . . . . 1 . . . . . . . . . . . . . . . . . Alerts 3 | . . . . . . . . . . . . . 1 . . . 1 . . 1 . . . . . . Weapon Failures 1 | . . . . . . . . . . . . . . . . . . . . . . . . . . 1 Overload Shots 1 | . . . . . . . . . . . . . . 1 . . . . . . . . . . . . Overflow Damage 3391 | . . . . 54 . 23 223 . 160 . 22 230 53 . 433 179 548 . 131 3 97 100 487 242 183 223 Projectiles 27 | . . . . 27 . . . . . . . . . . . . . . . . . . . . . . Explosions 79 | . . . . 27 . . . . 7 . 22 . . . . 9 14 . . . . . . . . . Melee 3285 | . . . . . . 23 223 . 153 . . 230 53 . 433 170 534 . 131 3 97 100 487 242 183 223 Knockbacks 2 | . 2 . . . . . . . . . . . . . . . . . . . . . . . . . Impact . | . . . . . . . . . . . . . . . . . . . . . . . . . . . Kinetic 2 | . 2 . . . . . . . . . . . . . . . . . . . . . . . . . Secondary . | . . . . . . . . . . . . . . . . . . . . . . . . . . . Self-Inflicted Damage 545 | . . . . 360 . . . . . . . . . . . 96 19 . . . . . . . . 70 Shots 13 | . . . . 10 . . . . . . . . . . . 1 1 . . . . . . . . 1 Rammed 10 | . 1 2 3 2 2 . . . . . . . . . . . . . . . . . . . . . Targets Rammed 12 | . 1 2 3 2 2 . . . . . . . . . . 1 . . . . . 1 . . . . Kicked 2 | . . . . . . . . . . . . . . . . 1 . . . . . 1 . . . . Crushed . | . . . . . . . . . . . . . . . . . . . . . . . . . . . Highest Temperature 447 | . 44 22 213 447 13 . 21 350 305 . 269 . 241 192 . 198 265 . 206 243 156 66 246 60 . 247 Average Temperature 86 | . 10 6 61 103 4 . 11 153 92 . 103 . 105 90 . 110 106 . 104 89 72 30 85 34 . 99 Received Heat Transfer 2011 | . 99 24 243 666 55 . 43 . 174 . 72 117 113 31 . . 184 57 . 28 . 39 6 . . 60 Effects 3 | . . . . 1 . . . 2 . . . . . . . . . . . . . . . . . . Shutdowns 2 | . . . . 1 . . . 1 . . . . . . . . . . . . . . . . . . Damage (minor) 1 | . . . . . . . . 1 . . . . . . . . . . . . . . . . . . Siege Activations . | . . . . . . . . . . . . . . . . . . . . . . . . . . . Martial Activations 11 | . . . . . . . . . . . . . . . . . 9 2 . . . . . . . . Total Turns 286 | . . . . . . . . . . . . . . . . . 245 41 . . . . . . . . Longest Duration 55 | . . . . . . . . . . . . . . . . . 55 27 . . . . . . . . Shielding Activations 1 | . . . . . . . . . . . . . . . . . . . . . . . . . . 1 Total Turns 6 | . . . . . . . . . . . . . . . . . . . . . . . . . . 6 Longest Duration 6 | . . . . . . . . . . . . . . . . . . . . . . . . . . 6 Robots Disrupted . | . . . . . . . . . . . . . . . . . . . . . . . . . . . Combat Hostiles . | . . . . . . . . . . . . . . . . . . . . . . . . . . . Robots Corrupted 1 | . . . . . . . . . . . . . . 1 . . . . . . . . . . . . Combat Hostiles 1 | . . . . . . . . . . . . . . 1 . . . . . . . . . . . . Parts Fried . | . . . . . . . . . . . . . . . . . . . . . . . . . . . Impact Corruptions . | . . . . . . . . . . . . . . . . . . . . . . . . . . . Robots Melted . | . . . . . . . . . . . . . . . . . . . . . . . . . . . Combat Hostiles . | . . . . . . . . . . . . . . . . . . . . . . . . . . . Parts Melted 9 | . . . 2 7 . . . . . . . . . . . . . . . . . . . . . . Heat Transferred 3348 | . . . 1221 2016 . . . . . . . . 111 . . . . . . . . . . . . . Parts Sabotaged . | . . . . . . . . . . . . . . . . . . . . . . . . . . . Parts Stolen . | . . . . . . . . . . . . . . . . . . . . . . . . . . . Parts Stripped . | . . . . . . . . . . . . . . . . . . . . . . . . . . . Power Chain Reactions . | . . . . . . . . . . . . . . . . . . . . . . . . . . . Alert | -11 -10 -10 -9 -9 -9 -9 -6 -6 -6 -6 -5 -5 -5 -5 -5 -5 -4 -4 -4 -4 -3 -3 -3 -2 -2 -1 ------- Run | Yrd Mat Min Mat Sto Rec Scr Fac Low Low Dat Pro Fac Ext Cet Arc Hub Fac Upp Upp War Pro Res Tes Res Qua Acc Maximum Alert Level 3 | . . . 1 2 1 . . . . . . . 1 1 1 3 2 . . . . 1 . . . 1 Low Security (%) 72 | 100 100 100 79 31 81 . 100 . . . . 100 79 42 77 45 4 . . . . 69 100 100 100 60 Level 1 18 | . . . 20 6 18 . . . . . . . 20 57 22 11 58 . . . . 30 . . . 39 Level 2 9 | . . . . 62 . . . . . . . . . . . 41 36 . . . . . . . . . Level 3 . | . . . . . . . . . . . . . . . . 1 . . . . . . . . . . Level 4 . | . . . . . . . . . . . . . . . . . . . . . . . . . . . Level 5 . | . . . . . . . . . . . . . . . . . . . . . . . . . . . High Security . | . . . . . . . . . . . . . . . . . . . . . . . . . . . Max Security . | . . . . . . . . . . . . . . . . . . . . . . . . . . . Peak Influence 730 | 10 113 50 299 624 263 . 191 . . . . 167 284 296 227 730 598 . . . . 316 112 17 133 297 Initial 357 | . . 33 . . 211 . . . . . . . 53 132 99 6 357 . . . . 117 112 17 . 60 Average 154 | 1 50 5 121 362 143 . 95 . . . . 52 147 212 140 268 362 . . . . 150 45 2 33 176 Influence Increases 11152 | 60 504 67 638 1546 578 . 582 . 245 . 130 294 769 374 288 938 925 105 . 293 366 804 414 61 446 725 Destroy 0b10 Robot/C 5640 | . 300 40 420 820 200 . 260 . 180 . 120 120 440 160 80 240 560 80 . 180 260 360 240 . 180 400 Destroy 0b10 Robot/NC 520 | 60 15 15 40 65 35 . 40 . 5 . . 10 20 10 45 30 15 . . 10 25 15 20 15 10 20 Destroy Leader 1158 | . 66 10 138 190 . . 112 . 30 . 10 32 54 . . 54 152 10 . . 30 70 64 2 42 92 Allied During Kill 1258 | . . . . 108 162 . 84 . . . . . 159 159 125 301 21 . . 73 51 7 8 . . . Trap Triggered on 0b10 20 | . . . . . . . . . . . . 20 . . . . . . . . . . . . . . Successful Hack 462 | . 34 . 19 . 59 . . . . . . . 24 . . 24 33 . . . . 51 5 14 136 63 Select Force Hacks 120 | . . . . . 120 . . . . . . . . . . . . . . . . . . . . . Disable Machine 450 | . 30 . . 150 . . 45 . . . . 15 15 15 30 15 30 . . . . 15 45 . 45 . Destroy Structure 1074 | . 14 2 21 108 2 . 41 . . . . 22 12 30 8 214 84 . . . . 286 32 30 33 135 Lose Combat Pursuer 450 | . 45 . . 105 . . . . 30 . . 75 45 . . 60 30 15 . 30 . . . . . 15 Influence Decreases 10940 | 60 419 152 638 1002 1065 57 439 143 245 . 130 183 642 364 517 227 1061 467 232 252 232 778 584 92 345 614 Entered New Map 1703 | . . 52 . . 333 57 . 53 . . . . 58 106 149 13 373 221 45 . 41 58 89 14 . 41 Time Decay 7676 | 60 419 100 339 582 722 . 349 90 235 . 130 173 474 198 318 134 628 246 187 182 171 650 443 78 315 453 Lost Part 422 | . . . 20 80 10 . 10 . 10 . . 10 30 20 10 . 20 . . 10 . 10 32 . 30 120 Lost Ally 560 | . . . . 40 . . 80 . . . . . 80 40 40 80 40 . . 60 20 60 20 . . . Purge Threat 579 | . . . 279 300 . . . . . . . . . . . . . . . . . . . . . . Squads Dispatched 62 | . 2 . 3 6 . . 12 . . . . 2 2 . . 2 6 . . . . 6 8 1 3 9 Investigation 15 | . 1 . 1 1 . . 2 . . . . 1 2 . . . 1 . . . . 2 2 . . 2 Extermination 21 | . . . . . . . 5 . . . . 1 . . . . 4 . . . . 1 3 1 2 4 Reinforcement 17 | . 1 . 2 . . . 2 . . . . . . . . 2 1 . . . . 3 2 . 1 3 Assault 5 | . . . . 4 . . . . . . . . . . . . . . . . . . 1 . . . Garrison 4 | . . . . 1 . . 3 . . . . . . . . . . . . . . . . . . . Intercept . | . . . . . . . . . . . . . . . . . . . . . . . . . . . Searches Triggered . | . . . . . . . . . . . . . . . . . . . . . . . . . . . Unchained Authorized 1 | . . . . . . . . . . . . . . . . . . . . . . . . . . 1 Data Miner Redirects 2 | . . . . . . . . . . . . . . . . . . . . . . . 1 . . 1 Construction Impeded . | . . . . . . . . . . . . . . . . . . . . . . . . . . . Haulers Reinforced 2 | . . . . . . . . . . . . . . . . . . . . . . . 1 . . 1 Active Scanning Responses . | . . . . . . . . . . . . . . . . . . . . . . . . . . . Cargo Convoy Interrupts . | . . . . . . . . . . . . . . . . . . . . . . . . . . . Stealth | -11 -10 -10 -9 -9 -9 -9 -6 -6 -6 -6 -5 -5 -5 -5 -5 -5 -4 -4 -4 -4 -3 -3 -3 -2 -2 -1 --------- Run | Yrd Mat Min Mat Sto Rec Scr Fac Low Low Dat Pro Fac Ext Cet Arc Hub Fac Upp Upp War Pro Res Tes Res Qua Acc Distress Signals 42 | . 1 2 5 1 . . 1 . . . . . 3 2 . 3 1 . . 1 17 5 . . . . Communications Jammed 5 | . . . . . . . . . . . . . . . . . . . . . . . 5 . . . Distress Signals 5 | . . . . . . . . . . . . . . . . . . . . . . . 5 . . . Times Spotted 465 | . 24 2 32 56 11 11 15 . 10 . 4 14 25 9 4 16 33 5 . 101 16 22 17 2 11 25 Peak Tracking Total 21 | . 5 2 4 6 3 7 4 . 4 . 5 6 3 5 1 5 4 3 . 21 5 3 3 1 3 7 Tactical Retreats 19 | . 1 . . 5 . . . . 1 . . 3 2 . . 1 2 1 . 2 . . . . . 1 Traps | -11 -10 -10 -9 -9 -9 -9 -6 -6 -6 -6 -5 -5 -5 -5 -5 -5 -4 -4 -4 -4 -3 -3 -3 -2 -2 -1 ------- Run | Yrd Mat Min Mat Sto Rec Scr Fac Low Low Dat Pro Fac Ext Cet Arc Hub Fac Upp Upp War Pro Res Tes Res Qua Acc Traps Triggered 10 | . 2 . 2 . . . . . . . . 2 1 . . . . . . 1 . . 1 . . 1 Indirectly . | . . . . . . . . . . . . . . . . . . . . . . . . . . . Trap Hack Attempts . | . . . . . . . . . . . . . . . . . . . . . . . . . . . Triggered . | . . . . . . . . . . . . . . . . . . . . . . . . . . . Disarmed . | . . . . . . . . . . . . . . . . . . . . . . . . . . . Reprogrammed . | . . . . . . . . . . . . . . . . . . . . . . . . . . . Reused 2 | . . . . . . . . . . . . 2 . . . . . . . . . . . . . . Traps Extracted . | . . . . . . . . . . . . . . . . . . . . . . . . . . . Installed 2 | . . . . . . . . . . . . 2 . . . . . . . . . . . . . . Triggered 2 | . . . . . . . . . . . . 2 . . . . . . . . . . . . . . Most Traps Carried 6 | . . . . . . . . . 6 6 6 6 4 4 4 4 4 4 4 4 . . . . . . Machines | -11 -10 -10 -9 -9 -9 -9 -6 -6 -6 -6 -5 -5 -5 -5 -5 -5 -4 -4 -4 -4 -3 -3 -3 -2 -2 -1 ---------- Run | Yrd Mat Min Mat Sto Rec Scr Fac Low Low Dat Pro Fac Ext Cet Arc Hub Fac Upp Upp War Pro Res Tes Res Qua Acc Machines Disabled 37 | . 2 . . 10 . 4 3 . . . . 1 2 1 2 1 2 . . . 2 1 3 . 3 . Max in Single Turn 2 | . 1 . . 2 . 1 1 . . . . 1 . 1 . 1 1 . . . 1 1 1 . 1 . Garrison Access 6 | . . . . 1 . . . . . . . 1 . . . . 2 . . . . . . 1 . 1 Network Hub 1 | . . . . . . . . . . . . . . . . 1 . . . . . . . . . . Machines Repaired . | . . . . . . . . . . . . . . . . . . . . . . . . . . . Machines Dismantled 1 | . . . . 1 . . . . . . . . . . . . . . . . . . . . . . Machines Sabotaged . | . . . . . . . . . . . . . . . . . . . . . . . . . . . Overloaded Fab Kills . | . . . . . . . . . . . . . . . . . . . . . . . . . . . Hacking | -11 -10 -10 -9 -9 -9 -9 -6 -6 -6 -6 -5 -5 -5 -5 -5 -5 -4 -4 -4 -4 -3 -3 -3 -2 -2 -1 --------- Run | Yrd Mat Min Mat Sto Rec Scr Fac Low Low Dat Pro Fac Ext Cet Arc Hub Fac Upp Upp War Pro Res Tes Res Qua Acc Machines Accessed 111 | . 8 . 7 10 10 3 7 1 . 4 . 4 5 1 . 4 12 1 . 1 . 10 7 3 8 5 Terminals 70 | . 8 . 7 9 6 . 4 . . . . 2 5 1 . 3 5 . . . . 5 5 1 6 3 Fabricators 6 | . . . . . . . . . . . . 1 . . . . 2 . . . . 1 1 . . 1 Repair Stations 1 | . . . . . . . . . . . . . . . . . 1 . . . . . . . . . Recycling Units 7 | . . . . . 4 . 1 . . . . . . . . . . . . . . 1 . 1 . . Scanalyzers 6 | . . . . . . . 1 . . . . . . . . . 2 . . . . 1 . . 2 . Garrison Access 11 | . . . . 1 . . 1 . . . . 1 . . . 1 2 . . . . 2 1 1 . 1 Total Hacks 313 | . 24 . 21 21 23 28 12 1 . 25 . 11 6 2 . 11 38 1 . 1 . 25 22 8 23 10 Successful 165 | . 12 . 14 6 17 28 1 1 . 25 . 6 2 . . 4 18 1 . 1 . 5 4 4 11 5 Failed 148 | . 12 . 7 15 6 . 11 . . . . 5 4 2 . 7 20 . . . . 20 18 4 12 5 Catastrophic 45 | . 1 . 2 4 . . 8 . . . . 2 2 1 . 2 2 . . . . 7 7 3 2 2 Database Lockouts . | . . . . . . . . . . . . . . . . . . . . . . . . . . . Manual 99 | . 21 . 12 13 15 . 8 . . . . 1 4 1 . 1 7 . . 1 . 3 4 1 4 3 Terminals 186 | . 24 . 21 19 18 . 7 . . . . 4 6 2 . 10 16 . . . . 14 16 4 19 6 Fabricators 18 | . . . . . . . . . . . . 5 . . . . 5 . . . . 2 3 . . 3 Repair Stations 2 | . . . . . . . . . . . . . . . . . 2 . . . . . . . . . Recycling Units 9 | . . . . . 5 . 2 . . . . . . . . . . . . . . 1 . 1 . . Scanalyzers 16 | . . . . . . . 1 . . . . . . . . . 9 . . . . 2 . . 4 . Garrison Access 26 | . . . . 2 . . 2 . . . . 2 . . . 1 6 . . . . 6 3 3 . 1 Terminal Hacks 101 | . 5 . 5 5 6 28 . 1 . 25 . 1 2 . . 3 3 1 . 1 . 1 3 2 8 1 Record 37 | . . . . . . 22 . . . 11 . . . . . . 1 . . . . 1 . . 2 . Part Schematic 9 | . 1 . . . . . . . . 8 . . . . . . . . . . . . . . . . Robot Schematic 5 | . . . . . 2 . . . . 3 . . . . . . . . . . . . . . . . Robot Analysis 11 | . 2 . 1 . 1 6 . . . . . . . . . . 1 . . . . . . . . . Prototype ID Bank 10 | . 1 . . . 2 . . . . 3 . . 1 . . 1 . . . . . . . 1 1 . Open Door 8 | . . . . 3 . . . 1 . . . 1 . . . . . 1 . 1 . . . . . 1 Branch Access Points 1 | . . . . . . . . . . . . . . . . . 1 . . . . . . . . . Emergency Access Points 2 | . . . . . . . . . . . . . . . . . . . . . . . . . 2 . Terminal Index 1 | . . . . . . . . . . . . . . . . 1 . . . . . . . . . . Recycling Unit Index 1 | . . . . . . . . . . . . . . . . . . . . . . . 1 . . . Alert Level 1 | . . . . . . . . . . . . . . . . . . . . . . . . . 1 . Unreport Threat 4 | . . . 2 2 . . . . . . . . . . . . . . . . . . . . . . Recall Investigation 1 | . . . . . . . . . . . . . 1 . . . . . . . . . . . . . Recall Reinforcements 1 | . . . 1 . . . . . . . . . . . . . . . . . . . . . . . Hauler Manifests 4 | . 1 . . . 1 . . . . . . . . . . . . . . . . . 1 . 1 . Zone Layout 4 | . . . 1 . . . . . . . . . . . . 1 . . . . . . . 1 1 . Protovariant Controls 1 | . . . . . . . . . . . . . . . . . . . . . . . 1 . . . Fabricator Hacks 11 | . . . . . . . . . . . . 4 . . . . 3 . . . . 2 . . . 2 Load Schematic 6 | . . . . . . . . . . . . 2 . . . . 2 . . . . 1 . . . 1 Build 5 | . . . . . . . . . . . . 2 . . . . 1 . . . . 1 . . . 1 Repair Station Hacks 2 | . . . . . . . . . . . . . . . . . 2 . . . . . . . . . Scan Component 1 | . . . . . . . . . . . . . . . . . 1 . . . . . . . . . Repair 1 | . . . . . . . . . . . . . . . . . 1 . . . . . . . . . Recycling Unit Hacks . | . . . . . . . . . . . . . . . . . . . . . . . . . . . Scanalyzer 10 | . . . . . . . . . . . . . . . . . 7 . . . . 1 . . 2 . Insert Component 1 | . . . . . . . . . . . . . . . . . 1 . . . . . . . . . Analyze 3 | . . . . . . . . . . . . . . . . . 3 . . . . . . . . . Retrieve Study 6 | . . . . . . . . . . . . . . . . . 3 . . . . 1 . . 2 . Garrison Access Hacks 6 | . . . . 1 . . . . . . . 1 . . . . 2 . . . . . . 1 . 1 Seal Access 6 | . . . . 1 . . . . . . . 1 . . . . 2 . . . . . . 1 . 1 Unauthorized Hacks 35 | . 7 . 9 . 11 . 1 . . . . . . . . 1 1 . . . . 1 1 1 1 1 Terminals 29 | . 7 . 9 . 7 . . . . . . . . . . 1 . . . . . 1 1 1 1 1 Botnet 13 | . 1 . 4 . 2 . . . . . . . . . . 1 . . . . . 1 1 1 1 1 Skim 16 | . 6 . 5 . 5 . . . . . . . . . . . . . . . . . . . . . Fabricators 1 | . . . . . . . . . . . . . . . . . 1 . . . . . . . . . Recompile 1 | . . . . . . . . . . . . . . . . . 1 . . . . . . . . . Repair Stations . | . . . . . . . . . . . . . . . . . . . . . . . . . . . Recycling Units 5 | . . . . . 4 . 1 . . . . . . . . . . . . . . . . . . . Tunnel 4 | . . . . . 4 . . . . . . . . . . . . . . . . . . . . . Fedlink 1 | . . . . . . . 1 . . . . . . . . . . . . . . . . . . . Scanalyzers . | . . . . . . . . . . . . . . . . . . . . . . . . . . . Garrison Access . | . . . . . . . . . . . . . . . . . . . . . . . . . . . Data Cores Recovered 1 | . . . . . . . . . . . . . 1 . . . . . . . . . . . . . Used . | . . . . . . . . . . . . . . . . . . . . . . . . . . . Hacking Detections 80 | . 7 . 7 10 6 . 7 . . . . 2 5 1 . 4 7 . . . . 6 7 2 6 3 Full Trace Events 6 | . . . . 1 . . 1 . . . . 1 . . . . . . . . . . 2 . . 1 Feedback Events . | . . . . . . . . . . . . . . . . . . . . . . . . . . . Feedback Blocked . | . . . . . . . . . . . . . . . . . . . . . . . . . . . Robot Schematics Acquired 7 | . . . . . 2 . . . . 3 . . . . . . . . . . . . 2 . . . Robots Built . | . . . . . . . . . . . . . . . . . . . . . . . . . . . Authchips . | . . . . . . . . . . . . . . . . . . . . . . . . . . . Time . | . . . . . . . . . . . . . . . . . . . . . . . . . . . Total Robot Build Rating . | . . . . . . . . . . . . . . . . . . . . . . . . . . . Part Schematics Acquired 69 | . 1 . . . . 1 20 2 1 8 . 5 7 2 . . 5 . . 8 . 3 5 1 . . Parts Built 5 | . . . . . . . . . . . . 2 . . . . 1 . . . . 1 . . . 1 Authchips 4 | . . . . . . . . . . . . 2 . . . . 1 . . . . 1 . . . . Time 483 | . . . . . . . . . . . . 321 . . . . 56 . . . . 56 . . . 50 Total Part Build Rating 28 | . . . . . . . . . . . . 11 . . . . 6 . . . . 6 . . . 5 Part Studies Acquired 6 | . . . . . . . . . . . . . . . . . 3 . . . . 1 . . 2 . Parts Repaired 1 | . . . . . . . . . . . . . . . . . 1 . . . . . . . . . Time 50 | . . . . . . . . . . . . . . . . . 50 . . . . . . . . . Parts Recycled . | . . . . . . . . . . . . . . . . . . . . . . . . . . . Recycled Matter . | . . . . . . . . . . . . . . . . . . . . . . . . . . . Retrieved Matter . | . . . . . . . . . . . . . . . . . . . . . . . . . . . Retrieved Components . | . . . . . . . . . . . . . . . . . . . . . . . . . . . Parts Scanalyzed 1 | . . . . . . . . . . . . . . . . . 1 . . . . . . . . . Part Schematics Acquired 1 | . . . . . . . . . . . . . . . . . 1 . . . . . . . . . Parts Damaged . | . . . . . . . . . . . . . . . . . . . . . . . . . . . Bothacking | -11 -10 -10 -9 -9 -9 -9 -6 -6 -6 -6 -5 -5 -5 -5 -5 -5 -4 -4 -4 -4 -3 -3 -3 -2 -2 -1 ------------ Run | Yrd Mat Min Mat Sto Rec Scr Fac Low Low Dat Pro Fac Ext Cet Arc Hub Fac Upp Upp War Pro Res Tes Res Qua Acc Used RIF Installer . | . . . . . . . . . . . . . . . . . . . . . . . . . . . Robots Hacked 6 | . . . . . . . . . . . . . 3 . . . . . . . 1 1 1 . . . Non-combat . | . . . . . . . . . . . . . . . . . . . . . . . . . . . Combat 2 | . . . . . . . . . . . . . 1 . . . . . . . . . 1 . . . Robot Hacks Applied 2 | . . . . . . . . . . . . . 1 . . . . . . . . . 1 . . . parse_system 2 | . . . . . . . . . . . . . 1 . . . . . . . . . 1 . . . Manual 4 | . . . . . . . . . . . . . 2 . . . . . . . 1 1 . . . . Relay Couplers Released . | . . . . . . . . . . . . . . . . . . . . . . . . . . . Fabnet Peak Effective % . | . . . . . . . . . . . . . . . . . . . . . . . . . . . Robots Rewired 39 | . . . . . 25 . . . . . . . 6 . . . . . . 5 2 . 1 . . . Allies Hacked . | . . . . . . . . . . . . . . . . . . . . . . . . . . . Hacks Repelled . | . . . . . . . . . . . . . . . . . . . . . . . . . . . Allies | -11 -10 -10 -9 -9 -9 -9 -6 -6 -6 -6 -5 -5 -5 -5 -5 -5 -4 -4 -4 -4 -3 -3 -3 -2 -2 -1 -------- Run | Yrd Mat Min Mat Sto Rec Scr Fac Low Low Dat Pro Fac Ext Cet Arc Hub Fac Upp Upp War Pro Res Tes Res Qua Acc Total Allies 72 | . . . . 12 25 5 . . . . . . 15 5 . . . . . 5 3 1 1 . . . Largest Group 34 | . . . . 10 34 32 4 . . . . . 10 14 13 9 2 . . 5 2 2 1 . . . Highest-Rated Group 857 | . . . . 88 401 575 188 . . . . . 407 857 826 531 192 . . 308 172 116 142 . . . Highest-Rated Ally 159 | . . . . 31 27 50 47 . . . . . 159 159 159 96 96 . . 68 116 116 142 . . . Total Orders 65 | . . . . 1 55 3 . . . . . . . . . . . . . 3 2 1 . . . . STAY 57 | . . . . 1 54 1 . . . . . . . . . . . . . . 1 . . . . . ROAM 1 | . . . . . . . . . . . . . . . . . . . . . . 1 . . . . FOLLOW 4 | . . . . . 1 1 . . . . . . . . . . . . . 1 1 . . . . . GUARD 2 | . . . . . . 1 . . . . . . . . . . . . . 1 . . . . . . AID 1 | . . . . . . . . . . . . . . . . . . . . 1 . . . . . . Ally Attacks 699 | . . . . 52 27 184 60 . . . . . 129 52 52 47 7 . . 32 38 17 2 . . . Total Damage 17679 | . . . . 722 315 2979 1204 . . . . . 2682 1668 1395 1320 283 . . 1516 2200 1206 189 . . . Kills 136 | . . . . 11 4 35 11 . . . . . 17 8 4 13 2 . . 6 15 9 1 . . . Allies Corrupted 2 | . . . . 1 . . . . . . . . . . . . . . . . . . 1 . . . Allies Melted 3 | . . . . . . 3 . . . . . . . . . . . . . . . . . . . . Intel | -11 -10 -10 -9 -9 -9 -9 -6 -6 -6 -6 -5 -5 -5 -5 -5 -5 -4 -4 -4 -4 -3 -3 -3 -2 -2 -1 ------- Run | Yrd Mat Min Mat Sto Rec Scr Fac Low Low Dat Pro Fac Ext Cet Arc Hub Fac Upp Upp War Pro Res Tes Res Qua Acc Active Infowar (turns) 20314 | 150 1295 743 531 . . . 1928 389 815 94 345 713 1201 414 702 351 2167 527 528 852 666 2382 1105 483 724 1209 Optics 1154 | . . . . . . . . . . . . . . . . . . . . . . . . . . 1154 Sensors 16395 | . . . . . . . 1842 389 815 94 345 541 1201 414 702 351 2035 264 528 850 647 2284 1027 483 376 1207 Terrain 823 | . . . . . . . . . . . . 105 718 . . . . . . . . . . . . . Structural 4140 | . . . . . . . . . . . . 606 . . . . . . 451 852 . 140 . 462 423 1206 Seismic 3619 | 150 1295 743 531 . . . 900 . . . . . . . . . . . . . . . . . . . Cloaking 4581 | . . . . . . . . . . . . . . . . . . . 2 2 299 1916 1104 483 724 51 Jamming 7549 | . . . . . . . . . . . . . . . . . 1935 527 524 512 . 1933 1105 483 530 . Robot Analysis Total 11 | . 2 . 1 . 1 6 . . . . . . . . . . 1 . . . . . . . . . Derelict Logs Recovered 4 | . . . . . . . . 2 1 . . . . . . . . 1 . . . . . . . . Drone Launches . | . . . . . . . . . . . . . . . . . . . . . . . . . . . Drone Recoveries . | . . . . . . . . . . . . . . . . . . . . . . . . . . . Exploration | -11 -10 -10 -9 -9 -9 -9 -6 -6 -6 -6 -5 -5 -5 -5 -5 -5 -4 -4 -4 -4 -3 -3 -3 -2 -2 -1 ------------- Run | Yrd Mat Min Mat Sto Rec Scr Fac Low Low Dat Pro Fac Ext Cet Arc Hub Fac Upp Upp War Pro Res Tes Res Qua Acc Turns Passed 33248 | 255 1295 1172 1505 1960 3438 4648 1928 389 840 94 374 855 1201 414 702 351 2167 527 528 1596 1009 2382 1140 483 724 1271 Spaces Moved 18231 | 93 596 467 735 696 1081 2122 1410 275 547 79 272 525 726 222 271 225 1357 393 430 941 668 1866 699 356 489 690 Core 141 | 4 . . . . . 133 . . . . . . . . 4 . . . . . . . . . . . Treads 5006 | 89 596 467 735 696 1081 1342 . . . . . . . . . . . . . . . . . . . . Legs 13084 | . . . . . . 647 1410 275 547 79 272 525 726 222 267 225 1357 393 430 941 668 1866 699 356 489 690 Wheels . | . . . . . . . . . . . . . . . . . . . . . . . . . . . Hover . | . . . . . . . . . . . . . . . . . . . . . . . . . . . Flight . | . . . . . . . . . . . . . . . . . . . . . . . . . . . Fastest Speed 50 | 50 160 160 160 160 240 50 120 120 120 120 120 125 132 132 123 123 113 117 117 97 97 97 102 111 110 110 Average Speed 141 | 155 160 160 160 210 240 188 124 120 120 120 120 127 132 133 184 123 118 117 117 124 97 102 108 115 113 114 Slowest Speed 1300 | 160 160 160 160 240 240 240 130 120 120 120 120 132 132 180 1300 123 234 234 117 185 97 172 180 121 121 190 Overloaded Moves 18 | . . . . . . . . . . . . . . . . . 18 . . . . . . . . . Propulsion Burnouts . | . . . . . . . . . . . . . . . . . . . . . . . . . . . Robots Hopped . | . . . . . . . . . . . . . . . . . . . . . . . . . . . Potential Cave-ins . | . . . . . . . . . . . . . . . . . . . . . . . . . . . Cave-ins Triggered . | . . . . . . . . . . . . . . . . . . . . . . . . . . . Exploration Rate (%) 59 | 5 97 81 67 93 97 84 27 54 55 69 44 12 87 66 98 21 34 71 63 82 60 62 80 11 57 23 Regions Visited 26 Branch Regions 18 Pre-discovered Areas 13 | . 1 1 1 . 4 5 . . . 1 . . . . . . . . . . . . . . . . Known Exits Taken 23 | . . 1 1 1 1 . 1 1 1 1 1 1 1 1 1 1 1 1 1 1 1 1 1 1 1 . Unknown Exits Taken 3 | 1 1 . . . . 1 . . . . . . . . . . . . . . . . . . . . Scrap Searched 22 | . . 1 . . . 4 . 4 3 . 2 . . . . . . 3 2 . 3 . . . . . Spaces Dug 251 | . . 3 8 6 . 2 18 6 44 . 20 11 . . . 8 34 2 4 . 1 38 16 10 12 8 Terrain Destroyed 766 | . 16 3 22 108 . 2 18 6 157 . 45 11 . . . 163 48 2 4 3 1 66 16 11 12 52 Melee 154 | . . 3 . 6 . 2 18 2 3 . 4 11 . . . 4 15 2 4 . 1 37 16 8 10 8 Projectile 16 | . . . . . . . . 4 2 . . . . . . 4 . . . . . 1 . 3 2 . AOE 592 | . 16 . 22 102 . . . . 152 . 41 . . . . 155 33 . . 3 . 28 . . . 40 Terrain Rammed . | . . . . . . . . . . . . . . . . . . . . . . . . . . . Walls Destroyed . | . . . . . . . . . . . . . . . . . . . . . . . . . . . Machines Disabled . | . . . . . . . . . . . . . . . . . . . . . . . . . . . Actions | -11 -10 -10 -9 -9 -9 -9 -6 -6 -6 -6 -5 -5 -5 -5 -5 -5 -4 -4 -4 -4 -3 -3 -3 -2 -2 -1 --------- Run | Yrd Mat Min Mat Sto Rec Scr Fac Low Low Dat Pro Fac Ext Cet Arc Hub Fac Upp Upp War Pro Res Tes Res Qua Acc Total 24131 | 148 855 868 948 991 1861 2770 1525 319 695 78 297 662 902 331 449 277 1736 433 444 1351 996 2210 958 402 586 1039 Wait 3794 | 16 184 379 93 113 508 536 35 22 101 . 4 59 71 74 147 8 250 19 2 283 271 193 127 18 43 238 Move 18205 | 92 595 466 734 695 1080 2121 1409 274 546 78 271 524 725 221 270 225 1356 392 429 940 667 1865 698 355 488 689 Hop . | . . . . . . . . . . . . . . . . . . . . . . . . . . . Pick Up 148 | 7 10 2 8 7 5 26 7 2 1 . . 4 4 5 . 7 12 4 1 10 3 8 8 3 2 2 Fast Attach 176 | 7 2 . 6 13 1 12 6 1 2 . 1 7 5 8 11 4 7 . 2 30 4 16 20 . 5 6 Attach 84 | . . . 3 6 . 6 4 2 1 . 1 8 4 4 . 2 6 . . 5 4 12 6 2 1 7 Detach 63 | . 2 . . 5 . 7 1 . 3 . 1 6 1 3 2 . 6 . . 9 1 7 6 . 1 2 Swap 177 | . 6 3 15 29 3 3 5 . 12 . 2 8 4 1 2 3 13 2 2 11 9 19 10 4 6 5 Drop 284 | . 7 2 19 16 1 48 13 3 3 . 1 10 6 8 6 11 10 5 3 39 7 27 23 5 4 7 Fire 362 | 26 48 10 67 86 30 1 . 12 16 . 3 . 6 5 . 6 3 . . 4 1 3 1 3 2 29 Melee 511 | . . 4 . 11 . 10 45 3 10 . 13 34 35 2 11 9 73 11 5 7 14 59 55 12 34 54 Ram . | . . . . . . . . . . . . . . . . . . . . . . . . . . . Kick 1 | . . . . . . . . . . . . . . . . . . . . . . 1 . . . . Crush 10 | . 1 2 3 2 2 . . . . . . . . . . . . . . . . . . . . . Escape Stasis . | . . . . . . . . . . . . . . . . . . . . . . . . . . . Rewire 306 | . . . . . 231 . . . . . . . 41 . . 2 . . . 13 15 . 4 . . . Trap 2 | . . . . . . . . . . . . 2 . . . . . . . . . . . . . . Miscellaneous 8 | . . . . 8 . . . . . . . . . . . . . . . . . . . . . . Route ------- -11/Scrapyard -10/Materials (discovered 6 exits: *Mat x3 / [*Min x2] / [*Sub]) -10/Mines (discovered 3 exits: *Mat x2 / [*Sub]) -9/Materials (discovered 5 exits: *Mat x3 / *Min / *Sto) -9/Storage (discovered 2 exits: *Mat / *Rec) -9/Recycling (discovered 2 exits: [*Fac] / *Scr) -9/Scraptown (discovered 2 exits: *Fac x2) -6/Factory (discovered 3 exits: *Fac / *Low x2) -6/Lower Caves -6/Lower Caves -6/Data Miner -5/Proximity Caves -5/Factory (discovered 4 exits: *Fac / Upp x2 / *Ext) -5/Extension (discovered 2 exits: *Fac / *Cet) -5/Cetus (discovered 2 exits: *Fac / *Arc) -5/Archives (discovered 3 exits: *Fac / *Hub x2) -5/Hub_04(d) (discovered 2 exits: *Fac x2) -4/Factory (discovered 5 exits: *Res x2 / *Upp x2 / Arm) -4/Upper Caves -4/Upper Caves (discovered 2 exits: *Res / *War) -4/Warlord -3/Proximity Caves -3/Research (discovered 2 exits: *Res / *Tes) -3/Testing -2/Research -2/Quarantine -1/Access To Epsilon Eridani History --------- Turn | Location | Event 8 | -11/Scrapyard | Discovered new exit (range 15) 256 | -11/Scrapyard | Entered Materials 326 | -10/Materials | Build established: Mutant 556 | -10/Materials | Discovered new exit (range 16) 599 | -10/Materials | Discovered new exit (range 12) 780 | -10/Materials | Discovered new exit (range 12) 1111 | -10/Materials | Discovered new exit (range 16) 1335 | -10/Materials | Discovered new exit (range 3) 1435 | -10/Materials | Identified exit to Materials 1464 | -10/Materials | Discovered new exit (range 9) 1505 | -10/Materials | Learned location of 3 exits from Materials 1510 | -10/Materials | Learned 4 Recycling zone layouts 1516 | -10/Materials | Learned Recycling recycling unit intel 1551 | -10/Materials | Entered Mines 1576 | -10/Mines | Assembled infested the area 2158 | -10/Mines | Discovered new exit (range 8) 2575 | -10/Mines | Learned location of Storage (-9) 2723 | -10/Mines | Entered Materials 2723 | -9/Materials | Evolved 2 slots: Propulsion x1, Utility x1 2724 | -9/Materials | Identified exit to Mines 2724 | -9/Materials | Identified exit to Materials 2724 | -9/Materials | Identified exit to Storage 3584 | -9/Materials | Build established: Scavenger-Mutant 3943 | -9/Materials | Discovered exit to Materials (range 8) 4106 | -9/Materials | Learned Storage trap positions 4156 | -9/Materials | Learned 4 Materials zone layouts 4211 | -9/Materials | Build established: Mutant 4228 | -9/Materials | Entered Storage 4229 | -9/Storage | Identified exit to Recycling 4230 | -9/Storage | Loaded intel: 13 trap records 4404 | -9/Storage | Met a pair of Derelict thieves 4868 | -9/Storage | Garrison activated, responded to threat 5028 | -9/Storage | First assault squad dispatched 5107 | -9/Storage | Lost 4 parts (1p2n1u) 5112 | -9/Storage | Destroyed 7 combat bots 5152 | -9/Storage | Assisted by bots powering up and referring to "LRC-V3" 5450 | -9/Storage | Build established: Commander-Mutant 5573 | -9/Storage | Used back door to open Recycling access 6188 | -9/Storage | Entered Recycling 6188 | -9/Recycling | Accompanied by 9 allies 6189 | -9/Recycling | Identified exit to Scraptown 6190 | -9/Recycling | Loaded intel: 4 recycling unit locations 6383 | -9/Recycling | Discovered new exit (range 15) 6961 | -9/Recycling | Core integrity fell below 50% 7919 | -9/Recycling | Learned Materials stockpile data 7973 | -9/Recycling | Learned Storage stockpile data 8016 | -9/Recycling | Learned Storage stockpile data 8047 | -9/Recycling | Learned Storage security intel 8069 | -9/Recycling | Learned 8 Materials zone layouts 8100 | -9/Recycling | Learned Storage stockpile data 8241 | -9/Recycling | Scanned before Scraplab entrance 8277 | -9/Recycling | Entered Scraplab 9626 | -9/Recycling | Entered Scraptown 9626 | -9/Scraptown | Accompanied by 27 allies 9979 | -9/Scraptown | Discovered new exit (range 13) 10130 | -9/Scraptown | Visited Cyclists 10171 | -9/Scraptown | Visited Assassins FH 10186 | -9/Scraptown | Visited Cave Peace 10298 | -9/Scraptown | Visited Artisan Demo Area 10332 | -9/Scraptown | Visited Spacefarers 10586 | -9/Scraptown | Visited Shadow of the Wyrm 10630 | -9/Scraptown | Visited UFD Registry 10634 | -9/Scraptown | Registered with UFD as "Technotorch" 10758 | -9/Scraptown | Visited Observation Area 10804 | -9/Scraptown | Visited DA-N13 Charitable Foundation 10830 | -9/Scraptown | Found DCF Scrap (27 items) 10878 | -9/Scraptown | Visited Abandonware Association 10897 | -9/Scraptown | Learned abandonware demo "OVRCLOCK.EXE" 10907 | -9/Scraptown | Learned abandonware demo "ERRANTS.EXE" 10907 | -9/Scraptown | Learned abandonware demo "MELTYB.EXE" 10960 | -9/Scraptown | Visited Cartography Club 10986 | -9/Scraptown | Visited Analyses Database 11041 | -9/Scraptown | Visited Supply Room 11075 | -9/Scraptown | Visited Chapter 10 11106 | -9/Scraptown | Visited Research Penetration Think Tank 11159 | -9/Scraptown | Visited Curators Association 11240 | -9/Scraptown | Visited Scrapoid Pod Storage 11273 | -9/Scraptown | Found Scrapoid Pod 11782 | -9/Scraptown | Scrapoid Pod released 09S05-D (x5) 12287 | -9/Scraptown | Heard Great Nut preacher, LISTEN AND RECITE! 13183 | -9/Scraptown | Found Surveybot 17 Chip 13201 | -9/Scraptown | Learned location of Lower Caves (-7) 13201 | -9/Scraptown | Learned location of Zion (-7) 13201 | -9/Scraptown | Learned 16 Research zone layouts 13201 | -9/Scraptown | Learned 20 Lower Caves zone layouts 13201 | -9/Scraptown | Learned 8 Upper Caves zone layouts 13201 | -9/Scraptown | Learned 12 Upper Caves zone layouts 13201 | -9/Scraptown | Learned 20 Proximity Caves zone layouts 13201 | -9/Scraptown | Learned 4 Hub_04(d) zone layouts 13201 | -9/Scraptown | Learned Materials emergency access door positions 13201 | -9/Scraptown | Learned location of 1 exit from Factory 13201 | -9/Scraptown | Learned location of 3 exits from Upper Caves 13201 | -9/Scraptown | Learned location of 3 exits from Proximity Caves 13213 | -9/Scraptown | Found Deep Structural Scanner 13661 | -9/Scraptown | Met Optimus 13661 | -9/Scraptown | Accepted into 0bPrime 14061 | -9/Scraptown | Civil war broke out across Scraptown 14061 | -9/Scraptown | Attached CPS modules to IW-JZN(c). 14156 | -9/Scraptown | Lost 12 allies 14227 | -9/Scraptown | Lost 4 allies 14268 | -9/Scraptown | Discovered new exit (range 5) 14274 | -9/Scraptown | Entered Factory 14274 | -6/Factory | Accompanied by 4 allies 14274 | -6/Factory | Evolved 6 slots: Power x1, Propulsion x1, Utility x4 14275 | -6/Factory | Identified exit to Factory 14433 | -6/Factory | Tech Extrapolator generated special schematic: Deep Structural Scanner 14820 | -6/Factory | Build established: Scavenger-Gladiator 14900 | -6/Factory | Discovered new exit (range 7) 14908 | -6/Factory | Identified exit to Lower Caves 14949 | -6/Factory | Discovered exit to Lower Caves (range 4) 15127 | -6/Factory | Garrison activated, responded to threat 15452 | -6/Factory | Tech Extrapolator generated special schematic: Vmp. Broadsword 15658 | -6/Factory | Build established: Gladiator 15845 | -6/Factory | Tech Extrapolator generated special schematic: Vmp. Brace Plating 16157 | -6/Factory | Loaded intel: 8 recycling unit locations 16202 | -6/Factory | Entered Lower Caves 16203 | -6/Lower Caves | Identified exit to Lower Caves 16223 | -6/Lower Caves | Learned location of 1 exit from Factory 16427 | -6/Lower Caves | Build established: Scavenger-Gladiator 16577 | -6/Lower Caves | Learned Factory interactive machine intel 16591 | -6/Lower Caves | Entered another Lower Caves area 16664 | -6/Lower Caves | Encountered a Warlord checkpoint 16676 | -6/Lower Caves | Learned Factory security intel 16770 | -6/Lower Caves | Build established: Scavenger-Mutant 16936 | -6/Lower Caves | Entered a destroyed Warlord outpost 17151 | -6/Lower Caves | Build established: Gladiator 17322 | -6/Lower Caves | Discovered new exit (range 5) 17363 | -6/Lower Caves | Identified exit to Data Miner 17431 | -6/Lower Caves | Entered Data Miner 17431 | -6/Data Miner | Discovered new exit (range 6) 17454 | -6/Data Miner | Met Data Miner 17488 | -6/Data Miner | Learned location of Section 7 (-2) 17488 | -6/Data Miner | Acquired the access code to Warlord's prototype stash 17500 | -6/Data Miner | Received God Mode back door access code from Data Miner 17524 | -6/Data Miner | Identified exit to Proximity Caves 17525 | -6/Data Miner | Entered Proximity Caves 17899 | -5/Proximity Caves | Entered Factory 17899 | -5/Factory | Evolved 2 slots: Propulsion x1, Utility x1 17900 | -5/Factory | Identified exit to Upper Caves 17901 | -5/Factory | Identified exit to Extension 17903 | -5/Factory | Loaded intel: 56 interactive machine locations 18186 | -5/Factory | Fabricated Vmp. Broadsword (x1) 18222 | -5/Factory | Discovered new exit (range 12) 18252 | -5/Factory | Found Hvy. Reactive Plating 18304 | -5/Factory | Identified exit to Factory 18344 | -5/Factory | Fabricated Multireflex Exoskeleton? 18720 | -5/Factory | Build established: Scavenger-Gladiator 18754 | -5/Factory | Entered Extension 18820 | -5/Extension | Disrupted transfer network 18902 | -5/Extension | Rescued A7 19064 | -5/Extension | Tech Extrapolator generated special schematic: Machine Rigger 19125 | -5/Extension | Spotted B-75 Beast 19158 | -5/Extension | Rescued a captive Derelict 19159 | -5/Extension | Rescued a captive Derelict 19233 | -5/Extension | Rescued a captive Derelict 19233 | -5/Extension | Rescued a captive Derelict 19494 | -5/Extension | Allies destroyed B-75 Beast 19502 | -5/Extension | Spotted B-75 Beast 19519 | -5/Extension | Allies destroyed B-75 Beast 19635 | -5/Extension | Lost 4 allies 19643 | -5/Extension | Rescued a captive Derelict 19660 | -5/Extension | Rescued a captive Derelict 19661 | -5/Extension | Rescued a captive Derelict 19754 | -5/Extension | Rescued a captive Derelict 19896 | -5/Extension | Discovered exit to Factory (range 10) 19898 | -5/Extension | Discovered new exit (range 6) 19904 | -5/Extension | Identified exit to Cetus 19955 | -5/Extension | Entered Cetus 19955 | -5/Cetus | Accompanied by 10 allies (A7) 19960 | -5/Cetus | Acquired a Cetus Manufacturing Module code from A7 19972 | -5/Cetus | Spotted Cetus Guard 19973 | -5/Cetus | Spotted Cetus Guard 19977 | -5/Cetus | Spotted Cetus Guard 19979 | -5/Cetus | Allies destroyed Cetus Guard 19980 | -5/Cetus | Spotted Cetus Guard 19983 | -5/Cetus | Allies destroyed Cetus Guard 19991 | -5/Cetus | Destroyed Cetus Guard 20002 | -5/Cetus | Allies destroyed Cetus Guard 20049 | -5/Cetus | Started Cetus Manufacturing Module 20074 | -5/Cetus | Manufactured an Enhanced Grunt 20099 | -5/Cetus | Manufactured an Enhanced Grunt 20124 | -5/Cetus | Manufactured an Enhanced Grunt 20149 | -5/Cetus | Manufactured an Enhanced Grunt 20149 | -5/Cetus | Escorted A7 to Cetus Mainframe 20170 | -5/Cetus | Discovered new exit (range 15) 20174 | -5/Cetus | Manufactured an Enhanced Grunt 20229 | -5/Cetus | Spotted Cetus Guard 20229 | -5/Cetus | Spotted Cetus Guard 20231 | -5/Cetus | Spotted Cetus Guard 20232 | -5/Cetus | Allies destroyed Cetus Guard 20232 | -5/Cetus | Spotted Cetus Guard 20239 | -5/Cetus | Allies destroyed Cetus Guard 20248 | -5/Cetus | Allies destroyed Cetus Guard 20257 | -5/Cetus | Allies destroyed Cetus Guard 20262 | -5/Cetus | Discovered exit to Factory (range 15) 20269 | -5/Cetus | Met Revision 17 20341 | -5/Cetus | Identified exit to Archives 20369 | -5/Cetus | Entered Archives 20369 | -5/Archives | Accompanied by 13 allies (A7) 20374 | -5/Archives | Received a hacking code to weaken MAIN.C 20405 | -5/Archives | Build established: Commander-Gladiator 20450 | -5/Archives | Discovered new exit (range 15) 20529 | -5/Archives | Discovered new exit (range 16) 20789 | -5/Archives | Discovered exit to Factory (range 15) 20875 | -5/Archives | Identified exit to Hub_04(d) 21071 | -5/Archives | Entered Hub_04(d) 21071 | -5/Hub_04(d) | Accompanied by 9 allies 21243 | -5/Hub_04(d) | Found Prototype Device 21243 | -5/Hub_04(d) | Identified Exp. Thermal Shield 21412 | -5/Hub_04(d) | Network Hub disabled 21422 | -5/Hub_04(d) | Entered Factory 21422 | -4/Factory | Accompanied by 2 allies 21422 | -4/Factory | Evolved 2 slots: Weapon x2 21423 | -4/Factory | Identified exit to Upper Caves 21443 | -4/Factory | Lost 3 allies 21539 | -4/Factory | Build established: Scavenger-Gladiator 21835 | -4/Factory | Tech Extrapolator generated special schematic: Energy Deflector 21955 | -4/Factory | Fabricated Vmp. Broadsword (x1) 22280 | -4/Factory | Repaired Lrn. Missile Launcher 22888 | -4/Factory | Discovered new exit (range 16) 22909 | -4/Factory | Identified exit to Research 23265 | -4/Factory | Identified exit to Armory 23282 | -4/Factory | Discovered exit to Research (range 5) 23589 | -4/Factory | Entered Upper Caves 23590 | -4/Upper Caves | Identified exit to Upper Caves 24091 | -4/Upper Caves | Learned Research terminal intel 24116 | -4/Upper Caves | Entered another Upper Caves area 24117 | -4/Upper Caves | Identified exit to Warlord 24499 | -4/Upper Caves | Build established: Vampire-Gladiator 24644 | -4/Upper Caves | Entered Warlord 24645 | -4/Warlord | Identified exit to Proximity Caves 24683 | -4/Warlord | System corruption cleaned by Quarantine Array 24940 | -4/Warlord | Received a Watcher feed algorithm from an ecstatic Tinkerer 25091 | -4/Warlord | Tech Extrapolator generated special schematic: Fire Trap 25126 | -4/Warlord | Opened Warlord's prototype stash 25147 | -4/Warlord | Found Prototype Hackware 25153 | -4/Warlord | Found Prototype Reactor 25159 | -4/Warlord | Found Prototype Device 25159 | -4/Warlord | Identified Exp. Cloaking Device 25160 | -4/Warlord | Tech Extrapolator generated special schematic: Heat Bomb Trap 25188 | -4/Warlord | Found Prototype Device 25188 | -4/Warlord | Identified System Purifier 25345 | -4/Warlord | Build established: Commander-Gladiator 25354 | -4/Warlord | Visited the Vortex Lab 25365 | -4/Warlord | Warlord's base attacked by MAIN.C 25367 | -4/Warlord | Found Prototype Energy Cannon 25367 | -4/Warlord | Identified Vortex Driver 25370 | -4/Warlord | Found Prototype Energy Gun 25370 | -4/Warlord | Identified Vortex Shotgun 25581 | -4/Warlord | Warlord forces counterattacked 25600 | -4/Warlord | P-70 Sage assimilated allied XA-4LM(g) 25614 | -4/Warlord | Lost 4 allies 25688 | -4/Warlord | Spotted Striker 25695 | -4/Warlord | Lost 3 allies 25695 | -4/Warlord | Spotted Striker 25700 | -4/Warlord | Spotted Executioner 25764 | -4/Warlord | Lost 8 allies 25770 | -4/Warlord | Spotted Striker 25801 | -4/Warlord | Build established: Scavenger-Gladiator 25829 | -4/Warlord | Lost 13 allies 25918 | -4/Warlord | Spotted Executioner 26001 | -4/Warlord | Spotted Executioner 26040 | -4/Warlord | Warlord base infiltrated, sounded retreat 26043 | -4/Warlord | Lost 3 allies 26079 | -4/Warlord | Spotted Striker 26079 | -4/Warlord | Spotted Executioner 26083 | -4/Warlord | Found Prototype Processor 26083 | -4/Warlord | Identified Exp. Core Analyzer 26090 | -4/Warlord | Rebuked by Warlord 26097 | -4/Warlord | Found Prototype Processor 26097 | -4/Warlord | Identified Exp. Targeting Computer 26108 | -4/Warlord | Spotted Executioner 26114 | -4/Warlord | Found Prototype Launcher 26114 | -4/Warlord | Identified Chain Missile Launcher 26129 | -4/Warlord | Attached CPS modules to 33-KTB(K). 26139 | -4/Warlord | Lost 5 allies 26165 | -4/Warlord | Spotted Executioner 26165 | -4/Warlord | Spotted Executioner 26165 | -4/Warlord | Spotted Executioner 26220 | -4/Warlord | Lost 3 allies 26240 | -4/Warlord | Entered Proximity Caves 26240 | -3/Proximity Caves | Accompanied by 1 ally 26400 | -3/Proximity Caves | P-80 Master assimilated allied 2F-VR9(c) 26457 | -3/Proximity Caves | Received a Behemoth hack from an annoying Tinkerer 26799 | -3/Proximity Caves | Spotted B-86 Titan 26801 | -3/Proximity Caves | Befriended a Behemoth using the annoying Tinkerer's hack 27082 | -3/Proximity Caves | Lost 5 allies 27165 | -3/Proximity Caves | Found Prototype Launcher 27165 | -3/Proximity Caves | Identified Scatter Rocket Array 27169 | -3/Proximity Caves | Found Prototype Launcher 27169 | -3/Proximity Caves | Identified Mni. Smartbomb Launcher 27249 | -3/Proximity Caves | Entered Research 27249 | -3/Research | Accompanied by 2 allies 27249 | -3/Research | Evolved 2 slots: Utility x2 27250 | -3/Research | Identified exit to Research 27251 | -3/Research | Loaded intel: 23 terminal locations 27449 | -3/Research | Revision forces began assault on 0b10 27502 | -3/Research | Spotted B-86 Titan 27537 | -3/Research | Met up with Revision 17++ 27658 | -3/Research | Fabricated Combat Drone Bay? 27789 | -3/Research | Identified Ghost Barrier 27949 | -3/Research | Research terminal network offline 28127 | -3/Research | Found Prototype Device 28127 | -3/Research | Identified Exp. Thermal Defense Suite 28300 | -3/Research | Spotted Striker 28338 | -3/Research | Spotted Striker 28345 | -3/Research | Lost 3 allies 28386 | -3/Research | Lost 3 allies 28763 | -3/Research | Spotted Striker 28785 | -3/Research | Spotted Executioner 28785 | -3/Research | Destroyed Striker 28801 | -3/Research | Destroyed Executioner 29008 | -3/Research | Tech Extrapolator generated special schematic: Vmp. Heavy Siege Treads 29087 | -3/Research | Spotted B-86 Titan 29089 | -3/Research | Befriended a Behemoth using the annoying Tinkerer's hack 29610 | -3/Research | Discovered new exit (range 7) 29613 | -3/Research | Spotted Striker 29616 | -3/Research | Spotted Striker 29630 | -3/Research | Identified exit to Testing 29631 | -3/Research | Entered Testing 29695 | -3/Testing | Rewired PG-4TBBZFOX30 29783 | -3/Testing | Found Prototype Processor 29783 | -3/Testing | Identified Exp. Signal Interpreter 29850 | -3/Testing | Protovariant out of control (PL-G54K8PJMYN) 29850 | -3/Testing | Unleashed a protovariant (PL-G54K8PJMYN) 29872 | -3/Testing | Incoming assault squad redirected 30038 | -3/Testing | Identified Vortex Chain Reactor 30171 | -3/Testing | Found Prototype Launcher 30171 | -3/Testing | Identified Containment Facilitator 30247 | -3/Testing | Found Prototype Ballistic Gun 30247 | -3/Testing | Identified Hyp. Multirail 30543 | -3/Testing | Found Prototype Ballistic Cannon 30543 | -3/Testing | Identified Omega Cannon 30606 | -3/Testing | Found Prototype Processor 30606 | -3/Testing | Identified Exp. Melee Analysis Suite 30734 | -3/Testing | Discovered exit to Research (range 9) 30771 | -3/Testing | Entered Research 30771 | -2/Research | Evolved 2 slots: Propulsion x1, Weapon x1 30953 | -2/Research | Tech Extrapolator generated special schematic: Wartreads 31231 | -2/Research | Discovered new exit (range 6) 31236 | -2/Research | Identified exit to Quarantine 31254 | -2/Research | Entered Quarantine 31572 | -2/Quarantine | Found Alien Slashing Weapon 31572 | -2/Quarantine | Identified Sigix Broadsword 31910 | -2/Quarantine | Discovered new exit (range 7) 31919 | -2/Quarantine | Identified exit to Access 31978 | -2/Quarantine | Entered Access 31978 | -1/Access | Evolved 2 slots: Utility x2 32145 | -1/Access | Incoming investigation squad redirected 32210 | -1/Access | Build established: Gladiator 32218 | -1/Access | Destroyed 7 combat bots 32725 | -1/Access | Fabricated Multireflex Exoskeleton? 32841 | -1/Access | Unchained authorized (DW-4LL) 33049 | -1/Access | System corruption reached 10% 33085 | -1/Access | Lost 3 parts (2u1w) 33106 | -1/Access | Discovered new exit (range 6) 33110 | -1/Access | Identified exit to Surface 33171 | -1/Access | DW-4LL burst out of a wall 33189 | -1/Access | System corruption reached 30% 33226 | -1/Access | Lost 8 parts (8u) 33249 | *** | Escaped! Last Messages --------------- (-150). 33235_ Acquired Vmp. Broadsword. 33236_ Earth collapses. 33239_ HV Slug penetrates Wall. 33239_ HV Slug penetrates P-80 Master. 33239_ P-80 Master suffers critical hit (Destroy). 33239_ Destroyed Gamma Rifle. 33241_ HV Slug penetrates P-80 Master. 33241_ P-80 Master suffers critical hit (Destroy). 33241_ Destroyed Gamma Rifle. 33243_ HV Slug penetrates P-80 Master. 33243_ P-80 Master suffers critical hit (Destroy). 33243_ Destroyed Sml. Battery. 33243_ P-80 Master suffers critical hit (Destroy). 33243_ P-80 Master destroyed. 33243_ HV Slug penetrates Wall. Map ----- +----------------------------------------------------+ | ### ## ????????????????????????????????? | | ### ## ????????????????????????????????? | | ### ## "????????????????????????????????? | | #######+###### ????????????????????????????????? | | # ????????????????????????????????? | | + ####??????????????????????? | | ########### # ####??????????????????????? | | ########### # ####??????????????????????? | | ## # [##############??????????????????????? | | ## #!|# ####??????????????????????? | | ## ? #!*# ] ####??????????????????????? | | ## #==# ####??????????????????????? | | ## #%|# ####??????????????????????? | | ## !#=[#!! ####??????????????????????? | | ## [+*%+*[ * # ##??????????????????????? | | + =#[!#|% ####??????????????????????? | | ## ? #=%# ###########???????????????? | | #####??####*=#####################???????????????? | | #####??####% #####################???????????????? | | #####??#### ####### #############???????????????? | | #####??#### """T""" """"???????????????? | | ???????#### """ """ """"???????????????? | | ???????#### u """"???????????????? | | ???????#### "??????????????????? | | ???????#### "" "??????????????????? | | ???????####u @" "??????????????????? | | ???????#### "??????????????????? | | ???????###; ! """"???????????????? | | ???????#### =!= """"???????????????? | | ???????#### [%|! """"???????????????? | | ???????#### ####;;; #############???????????????? | | ???????#### ##### ###############???????????????? | | ???????#### #####################???????????????? | | ??????? # #####################???????????????? | | ??????? # ############????????????????????????? | | ??????? + ####????????????????????????????????? | | ??????? # ####????????????????????????????????? | | ??????? # ????????????????????????????????? | | ??????? # ???????????????????????????????????? | | ??????? # ???????????????????????????????????? | | ??????? # ???????????????????????????????????? | | ??????? # #???????????????????????????????????? | | ???????#### #???????????????????????????????????? | | ??????? # #???????????????????????????????????? | | ??????? # #???????????????????????????????????? | | ??????? # ????????????????????????????????????? | | ?????????????????????????????????????????????????? | | ?????????????????????????????????????????????????? | | ?????????????????????????????????????????????????? | | ?????????????????????????????????????????????????? | +----------------------------------------------------+ Best States ------------- Heat Dissipation 52 Energy Generation 55 Energy Capacity 700 Matter Stores 300 Matter Capacity 300 Sight Range 23 Robot Scan Range 16 Terrain Scan Range 20 Terrain Scan Density 10 Jamming Range 16 Cloak Strength 4 Armor Coverage 300 Core Shielding 20 Melee Speed Boost 20 Phase Shifting 10 Evasion (%) 84 Targeting Accuracy 20 Melee Accuracy 16 Target Analysis 6 Core Analysis 8 Recoil Reduction 3 Offensive Hacking 14 Defensive Hacking 20 Authchip Count 4 Trap Extractor Capacity 6 Item Schematics ----------------- Hcp. Storage Unit | -10/Materials | Hacked Spk. Treads | -9/Scraptown | Extrapolated Mak. Leg | -6/Factory | Extrapolated Mak. Light Armor Plating | -6/Factory | Extrapolated Deep Structural Scanner | -6/Factory | Extrapolated Mak. Coolant Network | -6/Factory | Extrapolated Mak. Power Source | -6/Factory | Extrapolated Mak. Terrain Scan Processor | -6/Factory | Extrapolated 0b10 Decoder Chip [Generic] | -6/Factory | Extrapolated Multireflex Exoskeleton | -6/Factory | Extrapolated 0b10 Decoder Chip [Scout] | -6/Factory | Extrapolated 0b10 Decoder Chip [Skirmisher] | -6/Factory | Extrapolated Mak. System Restoration Module | -6/Factory | Extrapolated Mak. Trap Scanner | -6/Factory | Extrapolated Mak. System Shield | -6/Factory | Extrapolated Beamcaster | -6/Factory | Extrapolated Hvy. Beamcaster | -6/Factory | Extrapolated Vmp. Broadsword | -6/Factory | Extrapolated Vmp. Brace Plating | -6/Factory | Extrapolated Mak. Terrain Scanner | -6/Factory | Extrapolated Slug Cannon | -6/Factory | Extrapolated Bore Cannon | -6/Factory | Extrapolated Spk. Medium Treads | -6/Lower Caves | Extrapolated Mak. Thermal Plating | -6/Lower Caves | Extrapolated Mak. Laser | -6/Lower Caves | Extrapolated Combat Drone Bay | -6/Data Miner | Free Lgt. Regenerative Plating | -6/Data Miner | Free Cld. Nuclear Pulse Thruster | -6/Data Miner | Free Imp. Thermal Defense Suite | -6/Data Miner | Free Thunder Hammer | -6/Data Miner | Free Imp. Linear Gravjet | -6/Data Miner | Free Imp. Force Booster | -6/Data Miner | Free Railgun | -6/Data Miner | Free Mak. Targeting Computer | -5/Factory | Extrapolated Mak. Salvage Targeting Computer | -5/Factory | Extrapolated Mak. Heavy Armor Plating | -5/Factory | Extrapolated Mak. Medium Armor Plating | -5/Factory | Extrapolated Mak. Ablative Armor | -5/Factory | Extrapolated Mak. Weapon Shielding | -5/Extension | Extrapolated Mak. Hacking Suite | -5/Extension | Extrapolated Machine Rigger | -5/Extension | Extrapolated Multitool | -5/Extension | Extrapolated Mak. Axe | -5/Extension | Extrapolated Spk. Heavy Treads | -5/Extension | Extrapolated Mak. Kinetic Plating | -5/Extension | Extrapolated Ripper | -5/Cetus | Extrapolated Tactical Coordination Suite | -5/Cetus | Extrapolated Mak. Transmission Jammer | -4/Factory | Extrapolated Energy Deflector | -4/Factory | Extrapolated Mak. Shrapnel Gun | -4/Factory | Extrapolated Centrium Medium Armor Plating | -4/Factory | Scanalyzed Mak. Spear | -4/Factory | Extrapolated Arc Thrower | -4/Warlord | Extrapolated Enh. Flamer | -4/Warlord | Extrapolated Plasma Flamer | -4/Warlord | Extrapolated Fire Trap | -4/Warlord | Extrapolated Heat Bomb Trap | -4/Warlord | Extrapolated Mak. Cloaking Device | -4/Warlord | Extrapolated Mak. Hammer | -4/Warlord | Extrapolated Mak. Propulsion Shielding | -4/Warlord | Extrapolated Mapping Drone Bay | -3/Research | Extrapolated Vmp. Heavy Siege Treads | -3/Research | Extrapolated Imp. Arc Thrower | -3/Research | Extrapolated Mak. Utility Shielding | -3/Testing | Extrapolated 0b10 Decoder Chip [Looter] | -3/Testing | Extrapolated Exp. EM Disruption Field | -3/Testing | Archive Exp. Power Amplifier | -3/Testing | Archive Humpback | -3/Testing | Extrapolated Wartreads | -2/Research | Extrapolated Robot Schematics ------------------ M-13 Machinist | -9/Recycling | Hacked G-34 Mercenary | -9/Recycling | Hacked E-15 Imp | -6/Data Miner | Free B-48 Gladiator | -6/Data Miner | Free Y-54 Guardian | -6/Data Miner | Free A-15 Conveyor | -3/Testing | Archive A-02 Transporter | -3/Testing | Archive Fabricated ------------ Vmp. Broadsword | x1 | -5/Factory | Authchip Multireflex Exoskeleton | x1 | -5/Factory | Authchip Vmp. Broadsword | x1 | -4/Factory | Authchip Combat Drone Bay | x1 | -3/Research | Authchip Multireflex Exoskeleton | x1 | -1/Access Repaired ---------- Lrn. Missile Launcher | 2% | -4/Factory Studied --------- Myomer Leg | -4/Factory | Hacked Lrn. Missile Launcher | -4/Factory | Hacked Lgt. Antimatter Reactor | -4/Factory | Hacked Med. Armored Exoskeleton | -3/Research | Hacked Centrium Leg | -2/Quarantine | Hacked Particle Reactor | -2/Quarantine | Hacked Alien Tech Used ----------------- Sigix Broadsword Achievements -------------- None Challenges ------------ None Game ------ Seed CarbideCompactRigger Manual? 0 Play Time 03:10:35 Cumulative 237.9 hours Start 2025.12.25 @ 23:16:13 End 2025.12.26 @ 21:33:26 Sessions 9 Manual Loads 0 Difficulty Rogue Special Mode None Game No. 219 Rogue 219 Adventurer 0 Explorer 0 Win Type 0 Total 11 Types 8/0/2/0/0/0/0/0/0/1 Lore% 87 Gallery% 77 Achievement% 60 Wizard Run 0 Options --------- Layout 1 ASCII 0 Keyboard 1 Movement Arrows Keybinds 0 Fullscreen 1 Font 24/Smallcaps Map View 50x40 Zoom Use 0% Tactical HUD 1 Map Filters NONE Filters NONE Steam 1 RUN: 0383a8b0-9089-46ca-a80e-c3ac07bf0028